[Event "Titled Tuesday Blitz August 24 2021"]
[White "Sevian, Samuel"]
[Black "Yanchenko, Roman"]
[WhiteFideId "2040506"]
[BlackFideId "4137329"]
[WhiteElo "2990"]
[BlackElo "2514"]
[Result "1-0"]
[Round "04"]
[TimeControl "180+1"]
[Date "2021.08.24"]
[WhiteClock "0:00:23"]
[BlackClock "0:00:11"]

1. d4 d5 2. Bf4 Bf5 3. c4 c6 4. Nc3 e6 5. e3 Nd7 6. Qb3 Qb6 7. c5 Qxb3 8. axb3 a6 9. b4 Rc8 10. Nf3 f6 11. h3 Be7 12. Bh2 h5 13. Nd2 Bd8 14. e4 Bg6 15. Bd3 Ne7 16. O-O O-O 17. Bd6 Kh7 18. f4 dxe4 19. Ndxe4 Rh8 20. g4 Nd5 21. Nxd5 exd5 22. f5 Bf7 23. Ng3 Re8 24. Rae1 Rxe1 25. Rxe1 hxg4 26. hxg4 Kg8 27. Nh5 Bc7 28. Bxc7 Rxc7 29. Nf4 Nf8 30. Kf2 Nh7 31. Ne2 Kf8 32. Nc1 Ng5 33. Nb3 Be8 34. Rh1 Kg8 35. Nd2 Re7 36. Nf1 Bd7 37. Ng3 Bc8 38. Rd1 Re8 39. Nh5 Kf7 40. Nf4 Re7 41. Ng6 Re8 42. Rh1 Rd8 43. Re1 Re8 44. Rxe8 Kxe8 45. Ke3 Bd7 46. Kd2 Kd8 47. Nf4 Kc7 48. Ke3 Kd8 49. Nh5 Ke7 50. Nxg7 Kf7 51. Nh5 Ke7 52. Kd2 Kf7 53. Kc3 Ke7 54. Kb3 Kf7 55. Ka4 Ne4 56. Ka5 Nf2 57. Be2 Ne4 58. Kb6 Nd2 59. Kxb7 Nb3 60. Bxa6 Nxd4 61. Kc7 Ke7 62. Nxf6 Bxf5 63. Nxd5+ cxd5 64. gxf5 Nxf5 65. b5 d4 66. b6 Ne3 67. b7 Nd5+ 68. Kc8 Nb4 69. Bb5 d3 70. b8=Q d2 71. Qd6+ 1-0


[Site "https://www.chess.com"]

[Event "Titled Tuesday Blitz August 24 2021"]
[White "Sharapov, Evgeny"]
[Black "Ivanisevic, Ivan"]
[WhiteFideId "14103133"]
[BlackFideId "912417"]
[WhiteElo "2367"]
[BlackElo "2499"]
[Result "0-1"]
[Round "04"]
[TimeControl "180+1"]
[Date "2021.08.24"]
[WhiteClock "0:00:06"]
[BlackClock "0:00:23"]

1. e4 c5 2. Nf3 e6 3. d4 cxd4 4. Nxd4 Nc6 5. Nb5 d6 6. Bf4 Ne5 7. Bxe5 dxe5 8. Qxd8+ Kxd8 9. N1a3 Bc5 10. O-O-O Ke7 11. f3 Bd7 12. Nb1 Rc8 13. N5c3 Nf6 14. Bd3 g5 15. Nd2 g4 16. Rhf1 Rhg8 17. g3 Be3 18. Kb1 Bc6 19. fxg4 Rxg4 20. Rfe1 Bd4 21. Nb5 Rd8 22. Nxd4 exd4 23. Re2 h5 24. Rf1 Nd7 25. Nf3 Nc5 26. Ne5 Rg7 27. Nxc6+ bxc6 28. Ref2 Nd7 29. Be2 Rh8 30. Rf4 Ne5 31. Kc1 Ng6 32. R4f2 h4 33. g4 h3 34. Rg1 Rh4 35. Rg3 Ne5 36. Rf4 c5 37. b3 f6 38. Kd2 Rg5 39. c3 a5 40. cxd4 cxd4 41. a3 Ng6 42. Rf1 e5 43. Rff3 Nf4 44. Bf1 Rgxg4 45. Rxg4 Rxg4 46. Bxh3 Rh4 47. Bf5 Rxh2+ 48. Kd1 d3 49. b4 axb4 50. axb4 Kd6 51. Rg3 Rb2 52. Rg7 Rxb4 53. Rd7+ Kc5 54. Rf7 Kd4 55. Kd2 Rb2+ 56. Kc1 Rc2+ 57. Kd1 Ke3 58. Rg7 Ne2 59. Rh7 Rc1# 0-1


[Site "https://www.chess.com"]

[Event "Titled Tuesday Blitz August 24 2021"]
[White "Shimanov, Aleksandr"]
[Black "Demin, Vladimir"]
[WhiteFideId "4198603"]
[BlackFideId "4167457"]
[WhiteElo "2596"]
[BlackElo "2542"]
[Result "1-0"]
[Round "04"]
[TimeControl "180+1"]
[Date "2021.08.24"]
[WhiteClock "0:01:44"]
[BlackClock "0:00:02"]

1. b3 d5 2. Bb2 Bg4 3. f3 Bh5 4. h4 Qd6 5. d4 Qg3+ 6. Kd2 g6 7. Qe1 Bh6+ 8. Kd1 Qxe1+ 9. Kxe1 f5 10. Nc3 Nf6 11. Bc1 Bxc1 12. Rxc1 Nc6 13. e3 h6 14. Bb5 Kf7 15. Bxc6 bxc6 16. Nh3 Rag8 17. Nf4 g5 18. hxg5 hxg5 19. Nd3 Kg7 20. Ne5 Be8 21. Kf2 g4 22. Na4 Nd7 23. Nxd7 Bxd7 24. Nc5 Be8 25. Kg3 Kf6 26. f4 e6 27. c4 Ke7 28. Nd3 Kd6 29. c5+ Ke7 30. Ne5 Kf6 31. b4 Ke7 32. Rhg1 a6 33. Rc3 Bd7 34. Ra3 Rh6 35. Rxa6 Rgh8 36. Ra7 1-0


[Site "https://www.chess.com"]

[Event "Titled Tuesday Blitz August 24 2021"]
[White "Shuvalova, Polina"]
[Black "Yeletsky, Ivan"]
[WhiteFideId "24171760"]
[BlackFideId "24180327"]
[WhiteElo "2299"]
[BlackElo "2344"]
[Result "0-1"]
[Round "04"]
[TimeControl "180+1"]
[Date "2021.08.24"]
[WhiteClock "0:00:03"]
[BlackClock "0:00:15"]

1. d4 Nf6 2. Nf3 d5 3. Bf4 e6 4. e3 Bd6 5. Nbd2 b6 6. Bb5+ c6 7. Bd3 Ba6 8. Bxa6 Nxa6 9. c3 O-O 10. O-O c5 11. Qe2 Nc7 12. Rad1 Rc8 13. Rfe1 b5 14. Bxd6 Qxd6 15. e4 dxe4 16. Nxe4 Nxe4 17. Qxe4 Qd5 18. dxc5 Qxc5 19. h3 Nd5 20. a3 Rfd8 21. Rd4 Nf6 22. Red1 Rxd4 23. Qxd4 Qxd4 24. Rxd4 Nd5 25. a4 a6 26. axb5 axb5 27. Ne5 f6 28. Nd3 Rc4 29. Rxc4 bxc4 30. Nc5 Kf7 31. Ne4 Ke7 32. Nd2 Nb6 33. b3 cxb3 34. Nxb3 Kd6 35. Kf1 Kd5 36. Ke2 Nc4 37. Kd3 Ne5+ 38. Ke3 Nc4+ 39. Kd3 e5 40. Nd2 Nxd2 41. Kxd2 Kc4 42. g4 g6 43. Kc2 h5 44. gxh5 gxh5 45. h4 f5 46. Kd2 Kc5 47. Kd3 Kd5 48. c4+ Kc5 49. Kc3 e4 50. Kb3 Kd4 51. Kb4 f4 52. c5 e3 53. fxe3+ fxe3 54. c6 e2 55. c7 e1=Q+ 56. Kb5 Qe6 0-1


[Site "https://www.chess.com"]

[Event "Titled Tuesday Blitz August 24 2021"]
[White "Sjugirov, Sanan"]
[Black "Quintiliano Pinto, Renato R."]
[WhiteFideId "4189302"]
[BlackFideId "2117568"]
[WhiteElo "2472"]
[BlackElo "2439"]
[Result "1-0"]
[Round "04"]
[TimeControl "180+1"]
[Date "2021.08.24"]
[WhiteClock "0:00:04"]
[BlackClock "0:00:15"]

1. d4 Nf6 2. c4 e6 3. Nf3 d5 4. g3 Be7 5. Bg2 O-O 6. O-O dxc4 7. Qc2 a6 8. a4 c5 9. dxc5 Bxc5 10. Qxc4 b6 11. Ne5 Ra7 12. Nc3 Bb7 13. Bxb7 Rxb7 14. Bf4 Nh5 15. Rfd1 Qc8 16. Qe4 Nxf4 17. Qxf4 Nd7 18. Ne4 Nxe5 19. Qxe5 Rc7 20. Rd3 f6 21. Qf4 e5 22. Qd2 Bd4 23. Nc3 Qb7 24. Rd1 h6 25. e3 Bxc3 26. Rxc3 Rxc3 27. Qxc3 Rc8 28. Qb3+ Kh8 29. Qe6 Kh7 30. h4 b5 31. a5 Qc6 32. Qf5+ Kh8 33. h5 Qc2 34. Rd8+ 1-0


[Site "https://www.chess.com"]

[Event "Titled Tuesday Blitz August 24 2021"]
[White "Starozhilov, Leonid"]
[Black "Martinez Reyes, Pedro Ramon"]
[WhiteFideId "14106752"]
[BlackFideId "3901807"]
[WhiteElo "2414"]
[BlackElo "2398"]
[Result "1-0"]
[Round "04"]
[TimeControl "180+1"]
[Date "2021.08.24"]
[WhiteClock "0:01:10"]
[BlackClock "0:00:07"]

1. e4 c6 2. d3 d5 3. Nd2 e5 4. Ngf3 Bd6 5. d4 exd4 6. exd5 Nf6 7. dxc6 Nxc6 8. Be2 O-O 9. O-O Bf5 10. Nb3 Qc7 11. Bg5 Ne4 12. Bh4 g5 13. Bg3 Rad8 14. Bd3 Bg6 15. Bxe4 Bxe4 16. Nxg5 Bg6 17. Qd2 Bxg3 18. hxg3 Ne5 19. Nxd4 Nc4 20. Qc3 Rc8 21. b3 Qe5 22. Ngf3 Na3 23. Qxc8 1-0


[Site "https://www.chess.com"]

[Event "Titled Tuesday Blitz August 24 2021"]
[White "Suder, Jakub"]
[Black "Khusnutdinov, Rustam"]
[WhiteFideId "1195310"]
[BlackFideId "13701703"]
[WhiteElo "2085"]
[BlackElo "2571"]
[Result "0-1"]
[Round "04"]
[TimeControl "180+1"]
[Date "2021.08.24"]
[WhiteClock "0:00:06"]
[BlackClock "0:01:19"]

1. d4 Nf6 2. c4 c5 3. d5 e6 4. Nc3 g6 5. e4 d6 6. Bd3 Bg7 7. Nge2 O-O 8. O-O Nbd7 9. f4 Re8 10. Ng3 a6 11. a4 exd5 12. cxd5 Qc7 13. Qf3 c4 14. Bc2 Nc5 15. h3 Nfd7 16. Kh1 Rb8 17. h4 b5 18. axb5 axb5 19. h5 b4 20. Nce2 Qd8 21. Kg1 Qh4 22. hxg6 fxg6 23. Nh1 Nf6 24. Nf2 Ng4 25. Nh3 c3 26. Ra7 b3 27. Bd3 c2 28. e5 Nxd3 29. Qxd3 Bf5 30. Qc4 Nxe5 31. Qc7 Nd7 32. Nc3 Bxh3 33. gxh3 Qg3+ 34. Kh1 Qxh3+ 35. Kg1 Bd4+ 0-1


[Site "https://www.chess.com"]

[Event "Titled Tuesday Blitz August 24 2021"]
[White "Terry, Renato"]
[Black "Ozen, Bahadir"]
[WhiteFideId "3803457"]
[BlackFideId "6337058"]
[WhiteElo "2581"]
[BlackElo "2503"]
[Result "1-0"]
[Round "04"]
[TimeControl "180+1"]
[Date "2021.08.24"]
[WhiteClock "0:00:06"]
[BlackClock "0:00:03"]

1. d4 Nf6 2. Bg5 d5 3. Nc3 Nbd7 4. Qd2 h6 5. Bh4 e6 6. f3 c5 7. e3 Be7 8. Nge2 a6 9. g4 b5 10. Bg3 Bb7 11. Nf4 Rc8 12. Nd3 Qb6 13. Ne2 a5 14. a3 Ba6 15. Bg2 b4 16. axb4 axb4 17. O-O O-O 18. Kh1 c4 19. Ne5 c3 20. bxc3 bxc3 21. Qd1 Nxe5 22. dxe5 Nd7 23. Re1 Rfd8 24. Nd4 Bc4 25. Rb1 Qa7 26. f4 Nc5 27. f5 Ne4 28. fxe6 Nxg3+ 29. hxg3 fxe6 30. Nxe6 Re8 31. Bxd5 Kh8 32. Rb7 Qa2 33. e4 Qa6 34. Rc7 Ba3 35. Rxc8 Rxc8 36. g5 Qxe6 37. Bxe6 Bxe6 38. gxh6 g6 39. Qf3 Rf8 40. Qxc3 Be7 41. Kg2 Kh7 42. Qc7 Rf7 43. Rf1 1-0


[Site "https://www.chess.com"]

[Event "Titled Tuesday Blitz August 24 2021"]
[White "Tikhonov, Viacheslav"]
[Black "Materia, Marco"]
[WhiteFideId "44196407"]
[BlackFideId "45150451"]
[WhiteElo "1773"]
[BlackElo "2683"]
[Result "1-0"]
[Round "04"]
[TimeControl "180+1"]
[Date "2021.08.24"]
[WhiteClock "0:01:59"]
[BlackClock "0:01:16"]

1. c4 e6 2. Nf3 Nf6 3. b3 d5 4. Bb2 b6 5. g3 Bb7 6. Bg2 Bd6 7. O-O O-O 8. Nc3 a6 9. e3 Nbd7 10. Qc2 Qe7 11. Rac1 Rad8 12. cxd5 exd5 13. Ne2 Rfe8 14. Ned4 Qf8 15. Bh3 Ne5 16. Nxe5 Bxe5 17. Nc6 Bxc6 18. Bxe5 Bb5 19. Bxf6 gxf6 20. d3 c5 21. a4 Bd7 22. Bxd7 Rxd7 23. d4 cxd4 24. exd4 Re4 25. Rfd1 Qb4 26. Qc8+ Kg7 27. Qxd7 Qxb3 28. Rf1 Rxd4 29. Rc7 Kh6 30. Qxf7 Kg5 31. Qxh7 Kg4 32. Qh4+ Kf3 33. Qxd4 1-0


[Site "https://www.chess.com"]

[Event "Titled Tuesday Blitz August 24 2021"]
[White "Tokhirjonova, Gulrukhbegim"]
[Black "Nimrod_Veinberg"]
[WhiteFideId "14203626"]
[WhiteElo "2236"]
[BlackElo "2693"]
[Result "0-1"]
[Round "04"]
[TimeControl "180+1"]
[Date "2021.08.24"]
[WhiteClock "0:00:13"]
[BlackClock "0:00:17"]

1. e4 e5 2. Nf3 Nc6 3. Bc4 Nf6 4. d3 h6 5. c3 d6 6. b4 g5 7. Be3 Bg7 8. Nbd2 Ne7 9. Qb3 O-O 10. a4 c6 11. Qb2 d5 12. Bb3 Ng6 13. Bc5 Re8 14. O-O g4 15. Ne1 Nf4 16. a5 Be6 17. Be3 Ne2+ 18. Kh1 d4 19. cxd4 exd4 20. Bxe6 dxe3 21. Bxf7+ Kxf7 22. fxe3 Kg8 23. e5 Nd5 24. Nc4 Ndc3 25. d4 Qh4 26. Nd3 Ng3+ 27. Kg1 Nce2+ 28. Kf2 Nxf1+ 29. Kxe2 Nxh2 30. Nf4 Rf8 31. Nd6 Rxf4 32. exf4 Qg3 33. Qa2+ Kh8 34. Nf7+ Kh7 35. Qc2+ Kg8 36. Qg6 Qxg2+ 37. Kd3 Qf3+ 38. Kc2 Qxf4 39. Nd6 Nf3 40. Qe6+ Kh7 41. Rd1 Rf8 42. Nxb7 Nxd4+ 43. Rxd4 Qxd4 44. Qxc6 Rf2+ 0-1


[Site "https://www.chess.com"]

[Event "Titled Tuesday Blitz August 24 2021"]
[White "Tregubov, Pavel V."]
[Black "Lopez Gracia, Fernando"]
[WhiteFideId "4115341"]
[BlackFideId "2207184"]
[WhiteElo "2423"]
[BlackElo "2394"]
[Result "1-0"]
[Round "04"]
[TimeControl "180+1"]
[Date "2021.08.24"]
[WhiteClock "0:02:03"]
[BlackClock "0:00:15"]

1. e4 e5 2. Nf3 Nc6 3. Bb5 a6 4. Ba4 Nf6 5. d4 exd4 6. O-O Nxe4 7. Re1 d5 8. Nxd4 Bc5 9. Bxc6+ bxc6 10. f3 Qf6 11. c3 O-O 12. fxe4 dxe4 13. Be3 Bd6 14. Nd2 c5 15. Ne2 Re8 16. Ng3 Qg6 17. Qh5 Bxg3 18. Qxg6 Bxh2+ 19. Kxh2 hxg6 20. Bxc5 Bb7 21. Nc4 Rad8 22. Rad1 f5 23. Be3 Kf7 24. Bf4 c5 25. Nd6+ Ke6 26. Nxb7 1-0


[Site "https://www.chess.com"]

[Event "Titled Tuesday Blitz August 24 2021"]
[White "Tsaruk, Maksim"]
[Black "Nesterov, Arseniy"]
[WhiteFideId "13511173"]
[BlackFideId "24198455"]
[WhiteElo "2184"]
[BlackElo "2477"]
[Result "0-1"]
[Round "04"]
[TimeControl "180+1"]
[Date "2021.08.24"]
[WhiteClock "0:00:04"]
[BlackClock "0:00:09"]

1. e4 e5 2. Nf3 Nc6 3. Bb5 a6 4. Ba4 b5 5. Bb3 Na5 6. O-O d6 7. d4 exd4 8. Nxd4 Bb7 9. Re1 c5 10. Nf5 c4 11. Bf4 cxb3 12. axb3 Nc6 13. Bxd6 g6 14. Bxf8 Qxd1 15. Rxd1 Kxf8 16. Nd6 Nd8 17. Nc3 Bc6 18. Nd5 Bxd5 19. exd5 b4 20. c4 bxc3 21. bxc3 Nf6 22. c4 Kg7 23. c5 Ne8 24. Nxe8+ Rxe8 25. c6 a5 26. c7 Nb7 27. d6 Rec8 28. Rac1 Nxd6 29. Rxd6 Ra7 30. Rd7 Rb7 31. g3 Kf6 32. Rc6+ Kg7 33. g4 h6 34. Kg2 g5 35. Kg3 Rxb3+ 36. f3 Rb7 37. h4 Ra7 38. hxg5 hxg5 39. Rc5 Kg6 40. Rc6+ Kg7 41. Rc5 Kg6 42. Rd6+ f6 43. Rcc6 Rcxc7 44. Rxf6+ Kg7 45. Rg6+ Kf7 46. Rxc7+ Rxc7 47. Rxg5 Ra7 48. Rc5 a4 49. Rc2 a3 50. Ra2 Ke6 51. Kf4 Kf6 52. g5+ Kg6 53. Kg4 Ra5 54. f4 Ra4 55. Kf3 Kf5 56. Ke3 Ra5 57. Kd3 Kxf4 58. g6 Rg5 59. Rxa3 Rg3+ 60. Kd4 Rxa3 61. g7 Rg3 62. g8=Q Rxg8 0-1


[Site "https://www.chess.com"]

[Event "Titled Tuesday Blitz August 24 2021"]
[White "Urazayev, Arystanbek"]
[Black "Nozdrachev, Leonid"]
[WhiteFideId "13709810"]
[BlackFideId "24113433"]
[WhiteElo "2321"]
[BlackElo "2240"]
[Result "0-1"]
[Round "04"]
[TimeControl "180+1"]
[Date "2021.08.24"]
[WhiteClock "0:00:08"]
[BlackClock "0:00:24"]

1. e4 c6 2. d4 d5 3. e5 Bf5 4. Nd2 e6 5. Nb3 Nd7 6. Nf3 Bg6 7. Be2 a6 8. a4 c5 9. a5 c4 10. Nbd2 Bb4 11. c3 Bxa5 12. O-O Bc7 13. b3 b5 14. Ba3 Ne7 15. bxc4 dxc4 16. Nh4 Nd5 17. Nxg6 hxg6 18. Qc1 Nf4 19. Bf3 Qh4 20. h3 Bxe5 21. Re1 Nd3 22. dxe5 Qxf2+ 23. Kh2 O-O-O 24. Kh1 Nxc1 25. Rd1 Nd3 26. Ne4 Rxh3+ 27. gxh3 Qxf3+ 0-1


[Site "https://www.chess.com"]

[Event "Titled Tuesday Blitz August 24 2021"]
[White "Vasli, Aref"]
[Black "Laurusas, Tomas"]
[WhiteFideId "417521"]
[BlackFideId "12803731"]
[WhiteElo "2257"]
[BlackElo "2542"]
[Result "0-1"]
[Round "04"]
[TimeControl "180+1"]
[Date "2021.08.24"]
[WhiteClock "0:00:11"]
[BlackClock "0:00:11"]

1. e4 e5 2. Nf3 Nf6 3. d3 Nc6 4. Nbd2 d5 5. Be2 Bc5 6. c3 a5 7. O-O O-O 8. Qc2 Re8 9. b3 Ba7 10. a3 Bg4 11. h3 Bh5 12. Bb2 Qd7 13. b4 Rad8 14. Rfe1 h6 15. Rad1 Bg6 16. b5 Nb8 17. a4 Bh7 18. Bf1 Qd6 19. Qb3 Nbd7 20. Ba3 Qb6 21. Re2 Nc5 22. Bxc5 Qxc5 23. d4 exd4 24. cxd4 Qb4 25. e5 Ne4 26. Re3 c5 27. bxc6 bxc6 28. Qxb4 axb4 29. Nb3 Nc3 30. Rc1 f6 31. a5 fxe5 32. Nxe5 Re6 33. f4 Rde8 34. Kh2 Bb8 35. Nc5 R6e7 36. a6 g5 37. Rexc3 bxc3 38. g3 gxf4 39. gxf4 c2 40. Bd3 Bxd3 41. Ncxd3 Ra7 42. Nc5 Bd6 43. Nxc6 Rc7 44. Ne5 Bxc5 45. dxc5 Rxc5 46. Nd7 Rc6 47. a7 Ra8 48. Ne5 Rc7 49. Nd3 Raxa7 50. Nb4 d4 51. Nd5 Rc5 52. Nf6+ Kf7 53. Ne4 Rc6 54. Nf2 Ra3 55. Ng4 Rc5 56. Ne5+ Rxe5 57. fxe5 d3 58. Kg2 Rc3 59. Rxc2 Rxc2+ 0-1


[Site "https://www.chess.com"]

[Event "Titled Tuesday Blitz August 24 2021"]
[White "Wagh Suyog"]
[Black "Ibadov, Dashgyn"]
[WhiteFideId "25071688"]
[BlackFideId "24107514"]
[WhiteElo "2219"]
[BlackElo "2102"]
[Result "1-0"]
[Round "04"]
[TimeControl "180+1"]
[Date "2021.08.24"]
[WhiteClock "0:01:22"]
[BlackClock "0:00:41"]

1. e4 c5 2. Nc3 Nc6 3. Nge2 Nf6 4. g3 e6 5. Bg2 d5 6. d3 Be7 7. O-O O-O 8. h3 Rb8 9. f4 b5 10. g4 b4 11. Nb1 a5 12. Ng3 Ba6 13. e5 Nd7 14. Nd2 f6 15. exf6 Bxf6 16. Nf3 c4 17. Kh2 cxd3 18. cxd3 Nc5 19. Ne1 e5 20. f5 Kh8 21. Be3 d4 22. Bg1 Ne7 23. Rc1 Rc8 24. Rxc5 Rxc5 25. Ne4 Qc7 26. g5 Bxg5 27. Nxg5 e4+ 28. Kh1 Nxf5 29. Bh2 Ng3+ 30. Bxg3 Rxf1+ 31. Bxf1 Qxg3 32. Qh5 1-0


[Site "https://www.chess.com"]

[Event "Titled Tuesday Blitz August 24 2021"]
[White "Wagner, Dennis"]
[Black "Sanchez Alvares, Kelvin Antonio"]
[WhiteFideId "24650684"]
[BlackFideId "3906680"]
[WhiteElo "2355"]
[BlackElo "2247"]
[Result "1-0"]
[Round "04"]
[TimeControl "180+1"]
[Date "2021.08.24"]
[WhiteClock "0:02:38"]
[BlackClock "0:02:23"]

1. d4 Nf6 2. Nf3 c5 3. e3 g6 4. Be2 Bg7 5. O-O O-O 6. dxc5 Qa5 7. a3 Qxc5 8. b4 Qc7 9. Bb2 d6 10. Nbd2 Nbd7 11. c4 b6 12. Rc1 Bb7 13. Qb3 Rac8 14. h3 Qb8 15. Rfd1 Qa8 16. Bf1 Ne4 17. Bxg7 1-0


[Site "https://www.chess.com"]

[Event "Titled Tuesday Blitz August 24 2021"]
[White "Weetik, Vjacheslav"]
[Black "Fedoseev, Vladimir"]
[WhiteFideId "4153472"]
[BlackFideId "24130737"]
[WhiteElo "2469"]
[BlackElo "2756"]
[Result "0-1"]
[Round "04"]
[TimeControl "180+1"]
[Date "2021.08.24"]
[WhiteClock "0:00:06"]
[BlackClock "0:00:34"]

1. d4 g6 2. e4 Bg7 3. Nc3 d6 4. Nf3 a6 5. Be2 b5 6. O-O Bb7 7. Re1 Nd7 8. a4 b4 9. Nd5 c5 10. dxc5 Nxc5 11. Bc4 Nf6 12. Nxf6+ Bxf6 13. Bh6 Bxb2 14. Ng5 e6 15. Rb1 Bc3 16. Re3 Qe7 17. Qf3 f6 18. Rxc3 bxc3 19. Qxc3 Rc8 20. h4 Rg8 21. Nf3 Bxe4 22. Nd4 Kf7 23. Re1 d5 24. Bf1 Nd3 0-1


[Site "https://www.chess.com"]

[Event "Titled Tuesday Blitz August 24 2021"]
[White "Wieczorek, Oskar"]
[Black "Maghsoodloo, Parham"]
[WhiteFideId "1133950"]
[BlackFideId "12539929"]
[WhiteElo "2258"]
[BlackElo "2601"]
[Result "0-1"]
[Round "04"]
[TimeControl "180+1"]
[Date "2021.08.24"]
[WhiteClock "0:00:03"]
[BlackClock "0:00:04"]

1. e4 c5 2. Nf3 d6 3. d4 cxd4 4. Nxd4 Nf6 5. Nc3 a6 6. h4 e5 7. Nb3 Be6 8. f4 Nc6 9. f5 Bxb3 10. axb3 d5 11. Nxd5 Nxe4 12. Be3 Bc5 13. Qd3 Ng3 14. Bxc5 Nxh1 15. O-O-O Rc8 16. Bb6 Qxh4 17. Nf6+ gxf6 18. Qd7+ Kf8 19. Qxc8+ Kg7 20. Qxb7 Nd4 21. Bc4 Nf2 22. Qxf7+ Kh6 23. Rf1 Ne4 24. Bxd4 Qg5+ 25. Kb1 Nd2+ 26. Ka2 Nxf1 27. Bc5 Ng3 28. Bf8+ Rxf8 29. Qxf8+ Kh5 30. Qf7+ Kg4 31. Qxh7 e4 32. Qh3+ Kf4 33. Bxa6 e3 34. b4 Ke5 35. b5 Nxf5 36. Qf3 Nd4 37. Qd1 Qg8+ 38. b3 e2 39. Qe1 Qg6 40. c3 Qc2+ 41. Ka3 Qxb3# 0-1


[Site "https://www.chess.com"]

[Event "Titled Tuesday Blitz August 24 2021"]
[White "Zarubitski, Viachaslau"]
[Black "Jakubowski, Krzysztof"]
[WhiteFideId "13509373"]
[BlackFideId "1112848"]
[WhiteElo "2315"]
[BlackElo "2414"]
[Result "0-1"]
[Round "04"]
[TimeControl "180+1"]
[Date "2021.08.24"]
[WhiteClock "0:00:26"]
[BlackClock "0:00:19"]

1. e4 c5 2. Nf3 d6 3. d4 cxd4 4. Nxd4 Nf6 5. Nc3 a6 6. g3 e6 7. Bg2 Bd7 8. O-O Nc6 9. Kh1 Be7 10. f4 Qc7 11. Be3 Rc8 12. Qe2 b5 13. Rae1 b4 14. Nd5 exd5 15. exd5 Nxd4 16. Bxd4 O-O 17. Qxe7 Rfe8 18. Bxf6 Rxe7 19. Bxe7 Re8 20. Bh4 Rxe1 21. Rxe1 f6 22. Re2 Kf8 23. Bf3 Qc4 24. b3 Qd4 25. g4 Bb5 26. Re4 Qa1+ 27. Kg2 Qf1+ 28. Kg3 Qg1+ 29. Bg2 Bf1 0-1


[Site "https://www.chess.com"]

[Event "Titled Tuesday Blitz August 24 2021"]
[White "Zhigalko, Sergei"]
[Black "Sonis, Francesco"]
[WhiteFideId "13502956"]
[BlackFideId "895733"]
[WhiteElo "2662"]
[BlackElo "2373"]
[Result "1-0"]
[Round "04"]
[TimeControl "180+1"]
[Date "2021.08.24"]
[WhiteClock "0:00:04"]
[BlackClock "0:00:14"]

1. e4 e5 2. Nf3 Nc6 3. Bc4 Bc5 4. b4 Bxb4 5. c3 Be7 6. d4 Na5 7. Bd3 d6 8. dxe5 dxe5 9. Nxe5 Nf6 10. O-O O-O 11. Qc2 c5 12. Nd2 Qc7 13. f4 Rd8 14. Ndf3 c4 15. Be2 b5 16. Ng5 Bc5+ 17. Kh1 Rf8 18. Nexf7 Rxf7 19. e5 Rf8 20. Bf3 Rb8 21. exf6 gxf6 22. Ne4 Be7 23. f5 Bxf5 24. Bh6 Rf7 25. Bh5 Bg6 26. Bxg6 hxg6 27. Ng5 f5 28. Nxf7 Kxf7 29. Rae1 Rh8 30. Bf4 Bd6 31. Bxd6 Qxd6 32. h3 Nc6 33. Qe2 a6 34. Rd1 Qe6 35. Qf3 Re8 36. Qg3 Ne5 37. Rfe1 Qf6 38. Qf2 Re7 39. Qd4 Nd3 40. Qd5+ Kg7 41. Rxe7+ Qxe7 42. Qd4+ Kh7 43. Kh2 Qc7+ 44. Kg1 Qg3 45. Rf1 Qc7 46. Rf3 Qe7 47. Re3 Qg7 48. Qxg7+ Kxg7 49. Re6 a5 50. Rc6 Kf7 51. Kf1 Ke7 52. Rxg6 b4 53. cxb4 c3 54. Rc6 axb4 55. Rc4 Ke6 56. h4 Kd5 57. Rc8 Kd4 58. h5 Ke3 59. h6 Ne5 60. h7 Ng6 61. h8=Q Nxh8 62. Rxh8 Kd2 63. Rd8+ Kc1 64. Rb8 Kb2 65. Rxb4+ Kxa2 66. Ke2 Ka3 67. Rc4 Kb3 68. Kd3 c2 69. Rxc2 1-0


[Site "https://www.chess.com"]

[Event "Titled Tuesday Blitz August 24 2021"]
[White "Zierk, Steven"]
[Black "Vlassov, Nikolai"]
[WhiteFideId "2034255"]
[BlackFideId "4103360"]
[WhiteElo "2494"]
[BlackElo "2407"]
[Result "1-0"]
[Round "04"]
[TimeControl "180+1"]
[Date "2021.08.24"]
[WhiteClock "0:00:20"]
[BlackClock "0:00:22"]

1. e4 Nc6 2. d4 d5 3. Nc3 Nf6 4. e5 Nd7 5. Nxd5 Ndb8 6. Ne3 Qxd4 7. Qxd4 Nxd4 8. f4 c6 9. Bd3 g6 10. c3 Nf5 11. Nc2 Nd7 12. Nf3 Nc5 13. Be2 a5 14. g4 Ng7 15. Be3 Ne4 16. Bd3 f5 17. exf6 Nxf6 18. h3 Be6 19. Ncd4 Bd5 20. c4 e5 21. fxe5 Bb4+ 22. Ke2 Bxf3+ 23. Nxf3 Nd7 24. Rad1 Ne6 25. a3 Bc5 26. Bh6 Nd4+ 27. Nxd4 Bxd4 28. Bf5 gxf5 29. Rxd4 fxg4 30. hxg4 O-O-O 31. Bg7 Rhe8 32. Rxh7 Nxe5 33. Rxd8+ Kxd8 34. Bf6+ Kc8 35. Bxe5 Rxe5+ 36. Kf3 Rc5 37. Rf7 Rxc4 38. g5 Kd8 39. g6 Ke8 40. Rf4 Rc1 41. g7 Rf1+ 42. Ke3 Rxf4 43. g8=Q+ Rf8 44. Qe6+ Kd8 45. Qd6+ Ke8 46. Qb8+ Ke7 47. Qxb7+ Kd6 48. Qa7 Re8+ 49. Kd3 Re5 50. Qb8+ Kd5 51. Qd8+ Ke6 52. Kc4 Rb5 53. b3 Ke5 54. Qc7+ Kf5 55. Qxc6 Re5 56. Qd7+ Ke4 57. b4 axb4 58. axb4 Rh5 59. Qg4+ 1-0


[Site "https://www.chess.com"]

[Event "Titled Tuesday Blitz August 24 2021"]
[White "Zong, Davis"]
[Black "Djordjevic, Vuk"]
[WhiteFideId "30903955"]
[BlackFideId "902098"]
[WhiteElo "2413"]
[BlackElo "2463"]
[Result "0-1"]
[Round "04"]
[TimeControl "180+1"]
[Date "2021.08.24"]
[WhiteClock "0:00:09"]
[BlackClock "0:00:37"]

1. d4 Nf6 2. c4 e6 3. g3 d5 4. Bg2 Bb4+ 5. Nd2 O-O 6. Nf3 c6 7. O-O Nbd7 8. Qc2 b6 9. a3 Bd6 10. e4 Be7 11. e5 Ne8 12. b4 Ba6 13. Re1 dxc4 14. Nxc4 Rc8 15. Rb1 Nc7 16. Nd6 Bxd6 17. exd6 Nd5 18. Ne5 N7f6 19. d7 Nxd7 20. Nxc6 Bb5 21. Nxd8 Rxc2 22. Nb7 Nc3 23. Ra1 Ne2+ 24. Kh1 Nxd4 25. Be3 Nf5 26. Rac1 Nxe3 27. fxe3 Rfc8 28. Rxc2 Rxc2 29. Nd6 Bd3 30. Rd1 Ne5 31. Nb5 g5 32. Nxa7 Be2 33. Re1 g4 34. Nc6 Nf3 35. Ne7+ Kf8 0-1


[Site "https://www.chess.com"]

[Event "Titled Tuesday Blitz August 24 2021"]
[White "ketster"]
[Black "Kadric, Denis"]
[BlackFideId "14403803"]
[WhiteElo "2492"]
[BlackElo "2449"]
[Result "0-1"]
[Round "04"]
[TimeControl "180+1"]
[Date "2021.08.24"]
[WhiteClock "0:00:41"]
[BlackClock "0:01:48"]

1. d4 d6 2. Nf3 g6 3. c4 Bg7 4. Nc3 Nd7 5. e4 e5 6. Be2 Nh6 7. O-O O-O 8. h3 c6 9. Be3 f5 10. Bg5 Qe8 11. dxe5 dxe5 12. exf5 gxf5 13. Nh4 Nf6 14. f4 e4 15. c5 Nf7 16. Bc4 Be6 17. Qb3 Bxc4 18. Qxc4 Qc8 19. Rae1 Kh8 20. g4 fxg4 21. Nxe4 Nxe4 22. Rxe4 gxh3 23. Qe6 Qxe6 24. Rxe6 Nxg5 25. fxg5 h2+ 26. Kg2 Rxf1 0-1


[Site "https://www.chess.com"]